 Dungeon Crawl Stone Soup version 0.26-a0-958-gf3041fb45f (webtiles) character file.

Game seed: 9288382117080383462

4139 mhtbhm the Cruncher (level 10, -16/88 HPs)
             Began as a Minotaur Gladiator on Nov 30, 2020.
             Was an Initiate of Okawaru.
             Demolished by a white ugly thing (51 damage)
             ... on level 11 of the Dungeon.
             The game lasted 00:14:07 (9209 turns).

mhtbhm the Cruncher (Minotaur Gladiator)            Turns: 9209, Time: 00:14:08

Health: -16/88     AC: 13    Str: 22    XL:     10   Next: 7%
Magic:  9/9        EV: 12    Int:  5    God:    Okawaru [......]
Gold:   430        SH:  0    Dex: 12    Spells: 9/9 levels left

rFire    + + .     SeeInvis .   a - +0 quarterstaff
rCold    x . .     Faith    .   (shield currently unavailable)
rNeg     . . .     Spirit   .   b - +0 fire dragon scales
rPois    +         Reflect  .   c - +1 hat
rElec    .         Harm     .   (no cloak)
rCorr    .         Rampage  .   l - +0 pair of gloves
MR       .....                  (no boots)
Stlth    ..........             m - amulet of regeneration
HPRegen  0.64/turn              e - ring of wizardry
MPRegen  0.11/turn              g - ring of poison resistance

@: mighty, lightly drained
A: retaliatory headbutt, horns 2
a: Renounce Religion


You were on level 11 of the Dungeon.
You worshipped Okawaru.
Okawaru was noncommittal.
You visited 2 branches of the dungeon, and saw 10 of its levels.
You also visited: Sewer.

You collected 480 gold pieces.
You spent 50 gold pieces at shops.

Inventory:

Hand Weapons
 a - a +0 quarterstaff (weapon)
Missiles
 d - 2 throwing nets (quivered)
 q - 36 poisoned darts
Armour
 b - +0 fire dragon scales (worn)
 c - a +1 hat (worn)
 l - a +0 pair of gloves (worn)
Jewellery
 e - a ring of wizardry (left hand)
 g - a ring of poison resistance (right hand)
 m - an amulet of regeneration (around neck)
 x - an uncursed amulet of faith {unknown}
Wands
 w - a wand of digging (7)
 B - a wand of flame (2)
Scrolls
 h - a scroll of fear
 i - 2 scrolls of teleportation
 r - a scroll of immolation {unknown}
 s - 2 scrolls of remove curse
 v - 2 scrolls of fog
 y - a scroll of brand weapon {unknown}
 z - a scroll of enchant armour
 C - 2 scrolls of blinking
Potions
 f - a potion of haste
 j - a potion of flight
 k - a potion of curing
 n - a potion of ambrosia
 o - a potion of might
 p - a potion of lignification {unknown}
 t - a potion of berserk rage {unknown}
 u - 2 potions of attraction


   Skills:
 + Level 7.7(7.5) Fighting
 + Level 11.5(11.2) Staves
 + Level 2.4(2.2) Throwing
 + Level 8.9(8.6) Armour
 + Level 6.3(6.1) Dodging
 - Level 1.4(1.2) Stealth
 * Level 1.1(0.9) Invocations


You had 9 spell levels left.
You didn't know any spells.
Your spell library contained the following spells:

 Spells                   Type           Power        Failure   Level
 Animate Skeleton         Necr           #.....       47%         1
 Apportation              Tloc           #.....       47%         1
 Corona                   Hex            #......      47%         1
 Summon Small Mammal      Summ           #...         47%         1


Dungeon Overview and Level Annotations

Branches:
Dungeon (8/15)             Temple (1/1) D:6           Sewer (visited)
   Lair: D:8-11

Altars:
Ashenzari
Dithmenos
Elyvilon
Fedhas
Gozag
Hepliaklqana
Kikubaaqudgha
Makhleb
Nemelex Xobeh
Okawaru
Qazlal
Ru
Sif Muna
Trog
Uskayaw
Vehumet
Wu Jian
Xom
Yredelemnul
Zin
The Shining One

Shops:
D:6 *   D:7 (

Annotations:
D:4 Grinder
D:6 3 runed translucent doors, TheFalseGod1234's ghost, novice GnIE


Innate Abilities, Weirdness & Mutations

You reflexively headbutt those who attack you in melee.
You have a pair of horns on your head.


Message History

The white ugly thing engulfs you but does no damage.
You sock the white ugly thing!
The white ugly thing is moderately wounded.
The white ugly thing closely misses you.
You bludgeon the white ugly thing!!
Your headbutt misses the white ugly thing.
The white ugly thing is severely wounded.
The white ugly thing engulfs you. The white ugly thing freezes you!!!
You feel a terrible chill!
Ouch! That really hurt!
You sock the white ugly thing!
The white ugly thing is severely wounded.
Unknown command.
Okay, then.
You barely miss the white ugly thing. You headbutt the white ugly thing!
The white ugly thing is almost dead.
The white ugly thing engulfs you. The white ugly thing freezes you!!!
You feel a terrible chill!
Ouch! That really hurt!
You die...

########### #######
#.........#
.......#######......^..+
./...5.#zzu@.'.........#
.......#5#####.........#
.........# #.........#
......z### #.........#
....... #.........#
####.## #.........# ...
#######'### +## #.# ##.#


You could see a white ugly thing, 2 wights and a quasit.

Vanquished Creatures
  A two-headed ogre (D:6)
  Pikel (D:4)
  Sigmund (D:3)
  Eustachio (D:5)
  An orc warrior (D:7)
  An ice beast (D:5)
  A phantom (D:7)
  A sky beast (D:7)
  A necrophage (D:7)
  4 ogres
  3 centaurs
  A lemure (D:5)
  2 big kobolds
  3 bullfrogs
  3 scorpions
  A killer bee (D:4)
  2 wights (D:11)
  A bullfrog zombie (D:6)
  A centaur zombie (D:5)
  A gnoll shaman (D:6)
  2 hounds
  6 orc priests
  Jessica (D:3)
  2 iguanas (D:4)
  6 orc wizards
  7 worker ants
  2 hound skeletons
  6 gnolls (D:6)
  10 adders
  2 river rats (Sewer)
  2 white imps
  3 ufetubi
  3 oozes
  4 worms
  3 dart slugs
  2 leopard geckos
  19 orcs
  6 bats
  11 giant cockroaches
  10 goblins
  8 hobgoblins
  9 jackals
  40 kobolds
  2 quokkas
  2 ball pythons
  4 frilled lizards
  A jackal zombie (D:6)
  12 rats
216 creatures vanquished.

Vanquished Creatures (others)
  A frilled lizard (D:3)
  18 plants
19 creatures vanquished.

Grand Total: 235 creatures vanquished

Notes
Turn   | Place    | Note
-------+----------+-------------------------------------------
     0 | D:1      | mhtbhm the Minotaur Gladiator began the quest for the Orb.
     0 | D:1      | Reached XP level 1. HP: 18/18 MP: 0/0
   107 | D:1      | Reached XP level 2. HP: 25/25 MP: 1/1
   147 | D:1      | Reached skill level 4 in Staves
   425 | D:1      | Reached XP level 3. HP: 30/30 MP: 2/2
  1157 | D:2      | Reached XP level 4. HP: 38/38 MP: 3/3
  1161 | D:2      | You fall into a shaft and drop 2 floors!
  1215 | D:4      | Reached skill level 1 in Armour
  1805 | D:4      | Reached skill level 5 in Staves
  1805 | D:4      | Reached XP level 5. HP: 45/45 MP: 4/4
  2182 | D:3      | Reached XP level 6. HP: 51/51 MP: 5/5
  2184 | D:3      | Found a white marble altar of Elyvilon.
  2192 | D:3      | Became a worshipper of Elyvilon the Healer
  2245 | D:4      | Reached skill level 6 in Staves
  2357 | D:4      | Noticed Grinder
  2790 | D:4      | Noticed Pikel
  2819 | D:5      | Entered Level 5 of the Dungeon
  2845 | D:5      | Found a glowing drain.
  2862 | Sewer    | Entered a sewer
  2932 | Sewer    | Reached * piety under Elyvilon
  2996 | Sewer    | Found a white marble altar of Elyvilon.
  3181 | D:5      | Reached skill level 7 in Staves
  3181 | D:5      | Reached skill level 5 in Dodging
  3181 | D:5      | Reached XP level 7. HP: 31/59 MP: 6/6
  4521 | D:3      | Noticed Jessica
  4523 | D:3      | Killed Jessica
  4588 | D:3      | Reached ** piety under Elyvilon
  4971 | D:3      | Noticed Sigmund
  4983 | D:3      | Killed Sigmund
  4984 | D:3      | Reached skill level 8 in Staves
  4984 | D:3      | Reached skill level 5 in Armour
  4984 | D:3      | Reached XP level 8. HP: 56/67 MP: 7/7
  5555 | D:4      | Reached skill level 5 in Fighting
  5593 | D:4      | Killed Pikel
  5594 | D:4      | Reached skill level 9 in Staves
  5594 | D:4      | Reached skill level 1 in Stealth
  6179 | D:5      | Reached *** piety under Elyvilon
  6329 | D:5      | Noticed Eustachio
  6347 | D:5      | Killed Eustachio
  6530 | D:6      | Found a staircase to the Ecumenical Temple.
  6543 | D:6      | Reached XP level 9. HP: 75/75 MP: 8/8
  6555 | D:6      | Noticed a two-headed ogre
  6559 | Temple   | Entered the Ecumenical Temple
  7047 | D:6      | Killed a two-headed ogre
  7048 | D:6      | Reached skill level 10 in Staves
  7480 | D:6      | Found a glowing golden altar of the Shining One.
  7708 | D:6      | Found Gufea's Assorted Antiques.
  7721 | D:6      | Bought a scroll of identify for 50 gold pieces
  7851 | D:6      | Found a hide-covered altar of Uskayaw.
  7857 | D:6      | Found a bloodstained altar of Trog.
  7952 | D:6      | Found a runed translucent gate.
  7952 | D:6      | Found a runed translucent gate.
  7954 | D:6      | Found a runed translucent gate.
  7957 | D:6      | Noticed TheFalseGod1234's ghost (novice GnIE)
  8187 | D:7      | Reached **** piety under Elyvilon
  8202 | D:7      | Found Unleg's Weapon Shop.
  8208 | D:7      | Reached skill level 11 in Staves
  8300 | D:7      | Found an iron altar of Okawaru.
  8309 | D:7      | Fell from the grace of Elyvilon
  8309 | D:7      | Became a worshipper of Warmaster Okawaru
  8467 | D:7      | Reached XP level 10. HP: 88/88 MP: 9/9
  8670 | D:7      | Reached skill level 1 in Invocations
  8833 | D:7      | Got a steaming robe
  8839 | D:7      | Identified the +1 robe of the Aged Ultimatums {Int+4} (You
                  | found it on level 7 of the Dungeon)
  9108 | D:8      | You fall into a shaft and drop 3 floors!
  9197 | D:11     | Noticed a white ugly thing
  9209 | D:11     | Demolished by a white ugly thing

Illustrated notes

Levels and vault maps discovered:
D:1:      lightli_molten_gateway, layout_loops_ring
D:2:      layout_basic, kennysheep_slug_shrine, grunt_decor_junction
D:3:      corexii_shack_village, layout_loops_corners, elyvilon_altar_4,
          minmay_fractal_squares_diagonal_5, uniq_sigmund, uniq_jessica
D:4:      minmay_chambers_of_fours, layout_loops_corners,
          wad_floor_pattern_untrapped, uniq_grinder, uniq_pikel
D:5:      layout_gridville, gup_sewer_entry_glass, uniq_eustachio
D:6:      layout_basic, marbit_many_paths, minitemple,
          minmay_temple_entry_statues_fountains, serial_shops,
          nicolae_shop_stone, gammafunk_ghost_necromancy
D:7:      kennysheep_kobold_camp, layout_basic, okawaru_metal_pillars_1_2,
          serial_shops, shop
D:8:      layout_basic, basic_altar, tgw_trog
D:11:     layout_roguey, orc_david_3, serial_shops, kennysheep_mini
Temple:   eino_temple_scatter_basement

Skill      XL: |  1  2  3  4  5  6  7  8  9 10 |
---------------+-------------------------------+-----
Staves         | 4 5 7 8 9 11 | 11.5
Dodging        | 4 5 6 |  6.3
Fighting       | 3 4 6 7 |  7.7
Armour         | 1 2 3 5 7 8 |  8.9
Stealth        | 1 |  1.4
Invocations    | 1 |  1.1
Throwing       | |  2.4

Action                   |  1- 3 |  4- 6 |  7- 9 | 10-12 || total
-------------------------+-------+-------+-------+-------++-------
Melee: Quarterstaff      |    94 |   144 |   377 |    48 ||   663
       Headbutt          |    13 |    16 |    61 |     9 ||    99
Throw: Dart              |       |       |     4 |       ||     4
       Throwing net      |       |       |     1 |       ||     1
  Use: Scroll            |     2 |     6 |    12 |     1 ||    21
       Potion            |       |     2 |     4 |     1 ||     7
Armor: Leather armour    |     6 |       |       |       ||     6
       Scale mail        |    28 |    50 |   100 |    16 ||   194
       Fire dragon scale |       |       |       |     3 ||     3
Dodge: Dodged            |    82 |    82 |   196 |    32 ||   392

Table legend: (Time is in decaauts)
 A = Elapsed time spent in this place.
 B = Non-inter-level travel time spent in this place.
 C = Inter-level travel time spent in this place.
 D = Time resting spent in this place.
 E = Time spent auto-exploring this place.
 F = Levels seen in this place.
 G = Mean time per level.
                   A        B        C        D        E       F      G
               +--------+--------+--------+--------+--------+-----+--------+
         Total |   9160 |   9143 |     17 |   1879 |   5049 |  11 |  832.7 |
       Dungeon |   8677 |   8660 |     17 |   1879 |   4752 |   9 |  964.1 |
        Temple |    212 |    212 |      0 |      0 |    151 |   1 |  212.0 |
         Sewer |    270 |    270 |      0 |      0 |    146 |   1 |  270.0 |
               +--------+--------+--------+--------+--------+-----+--------+

Top non-repeatable levels by time:
     D:5: 1957 daAuts
     D:4: 1912 daAuts
     D:3: 1394 daAuts
     D:6: 1238 daAuts
     D:1: 887 daAuts
     D:7: 869 daAuts
     D:2: 281 daAuts
   Sewer: 270 daAuts
  Temple: 212 daAuts
    D:11: 97 daAuts
     D:8: 37 daAuts
